 Dungeon Crawl Stone Soup version 0.30.0-5-g1a98f26d00 (webtiles) character file.

Game seed: 2669430098175215957

22919 SnakkuSnakku7 the Spear-Bearer (level 11, -7/108 (115) HPs)
             Began as a Vampire Hedge Wizard on May 12, 2023.
             Was a High Priest of Ru.
             Mangled by Snorg (11 damage)
             ... on level 3 of the Lair of Beasts.
             The game lasted 00:20:43 (11762 turns).

SnakkuSnakku7 the Spear-Bearer (VpHW)              Turns: 11762, Time: 00:20:44

HP:   -7/108 (115)  AC: 15    Str: 13    XL:     11   Next: 67%
MP:   15/15         EV:  8    Int: 28    God:    Ru [*****.]
Gold: 695           SH:  0    Dex: 15    Spells: 15/16 levels left

rFire   . . .        a - +1 battleaxe (vamp)
rCold   x . .        (shield currently unavailable)
rNeg    + . .        p - +0 pearl dragon scales of the Endless Expanse {rC- rN+ Regen+ Int+6 Stlth+}
rPois   .            e - +0 helmet
rElec   .            (no cloak)
rCorr   .            G - +0 pair of gloves
SInv    +            J - +2 pair of boots
Will    +....        r - amulet of faith Stlth
                     v - +6 ring of intelligence
HPRegen 1.38/turn    (no ring)
MPRegen 0.14/turn

%: faith
@: berserking (expiring), healing quickly, drained, very quick
A: alive, fangs 3, see invisible, hated by all, inability to train dodging, no
fire magic, no hexes magic, no summoning magic, inexperienced 1, vampiric 2
a: Exsanguinate, Renounce Religion, Draw Out Power, Power Leap, Apocalypse


You were on level 3 of the Lair of Beasts.
You worshipped Ru.
Ru was extremely pleased with you.
You visited 3 branches of the dungeon, and saw 15 of its levels.
You also visited: Ossuary.

You collected 797 gold pieces.
You spent 102 gold pieces at shops.

Inventory:

Hand Weapons
 a - a +1 vampiric battleaxe (weapon)
Missiles
 N - 3 throwing nets
Armour
 c - a +4 plate armour of fire resistance
 e - a +0 helmet (worn)
 p - the +0 pearl dragon scales of the Endless Expanse (worn) {rC- rN+ Regen+ Int+6 Stlth+}
   (You found it on level 2 of the Dungeon)

   Int:       It affects your intelligence (+6).
   rC:        It makes you vulnerable to cold.
   rN:        It protects you from negative energy.
   Regen:     It increases your rate of health regeneration.
   Stlth:     It makes you more stealthy.
 C - +0 ice dragon scales
 E - a +2 leather armour of fire resistance
 G - a +0 pair of gloves (worn)
 J - a +2 pair of boots (worn)
Jewellery
 n - an amulet of regeneration
 r - an amulet of faith (around neck)
 v - a +6 ring of intelligence (left hand)
 K - a +6 ring of strength
 M - an amulet of the acrobat
Wands
 b - a wand of mindburst (23)
 l - a wand of flame (29)
 w - a wand of paralysis (6)
 F - a wand of polymorph (22)
Scrolls
 h - 2 scrolls of teleportation
 j - 2 scrolls of identify
 o - 2 scrolls of immolation
 q - 4 scrolls of fear
 s - 2 scrolls of fog
 y - 4 scrolls of amnesia
 L - a scroll of acquirement {unknown}
Potions
 d - 2 potions of magic
 f - 3 potions of ambrosia {unknown}
 g - a potion of might {unknown}
 i - 6 potions of curing
 k - 4 potions of flight
 u - 4 potions of mutation
 x - a potion of haste
 z - 2 potions of invisibility
 A - a potion of resistance {unknown}
 D - 4 potions of attraction
 H - a potion of brilliance
 I - 4 potions of lignification


   Skills:
 - Level 4.0 Fighting
 + Level 11.7(14.9) Axes
 - Level 3.0(7.5) Maces & Flails
 - Level 14.6(16.2) Polearms
 - Level 3.0 Stealth
 - Level 2.2 Unarmed Combat
 - Level 3.0 Spellcasting
 - Level 0.6 Conjurations
 - Level 0.7 Translocations


You had 15 spell levels left.
You knew the following spells:

 Your Spells              Type           Power      Damage    Failure   Level
a - Magic Dart            Conj           28%        1d4       41%         1

Your spell library contained the following spells:

 Spells                   Type           Power      Damage    Failure   Level
 Beastly Appendage        Tmut           8%         N/A       50%         1
 Blink                    Tloc           16%        N/A       54%         2
 Cigotuvi's Dreadful Rot  Necr/Pois/Air  8%         N/A       65%         2
 Wereblood                Tmut           4%         N/A       65%         2
 Mephitic Cloud           Conj/Pois/Air  5%         N/A       85%         3
 Ozocubu's Armour         Ice            4%         N/A       86%         3
 Spider Form              Tmut/Pois      4%         N/A       86%         3
 Passage of Golubria      Tloc           8%         N/A       99%         4
 Blade Hands              Tmut           2%         N/A       100%        5
 Iron Shot                Conj/Erth      2%         9d2       100%        6
 Ozocubu's Refrigeration  Ice            2%         4d7       100%        7
 Slow                     Hex            Unusable   N/A       N/A         1
 Call Imp                 Summ           Unusable   N/A       N/A         2
 Tukima's Dance           Hex            Unusable   N/A       N/A         3
 Animate Armour           Summ/Erth      Unusable   N/A       N/A         4
 Yara's Violent Unravell  Hex/Tmut       Unusable   3d3       N/A         5

Dungeon Overview and Level Annotations

Branches:
Dungeon (11/15)            Temple (1/1) D:5            Lair (3/5) D:11
  Swamp (0/4) Lair:2      Ossuary (visited)
  Snake: Lair:2-3    Spider: Lair:2-3       Orc: D:9-12

Altars:
Ashenzari
Cheibriados
Dithmenos
Gozag
Kikubaaqudgha
Makhleb
Nemelex Xobeh
Okawaru
Qazlal
Ru
Sif Muna
Trog
Uskayaw
Vehumet
Wu Jian
Xom

Shops:
D:6 *   D:9 :

Annotations:
D:9 exclusion: oklob plant
D:11 3 runed translucent doors, hogiebunz's ghost, journeyman KoHu
Lair:1 3 runed translucent doors, Firil's ghost, journeyman OpFE
Lair:2 exclusion: oklob plant
Lair:3 1 runed translucent door, Snorg


Innate Abilities, Weirdness & Mutations

Your natural rate of healing is accelerated.
You have razor-sharp teeth.
You have supernaturally acute eyesight. (SInv)
You are hated by all.
You cannot train Dodging skill.
You cannot study or cast Fire magic.
You cannot study or cast Hexes magic.
You cannot study or cast Summoning magic.
You are somewhat inexperienced. (-1 XL)
You are afflicted with vampirism and can become a bat while bloodless.


Message History

You slash Snorg! Snorg barely misses you. Snorg claws you! x2
You are too injured to fight recklessly!
You are too injured to fight recklessly!
You are too injured to fight recklessly!
You are too injured to fight recklessly!
You slice Snorg!!
You feel better.
You bite Snorg.
Snorg is moderately wounded.
Snorg is stunned by your conviction and fails to attack.
You closely miss Snorg. Your bite misses Snorg.
Snorg is moderately wounded.
You redirect Snorg's attack!
Snorg bites herself!
Snorg barely misses herself.
Snorg claws herself.
You slice Snorg!! You bite Snorg!
Snorg is heavily wounded.
Snorg barely misses you. Snorg claws you! Snorg claws you!!
* * * LOW HITPOINT WARNING * * *
You closely miss Snorg.
Snorg is heavily wounded.
Snorg closely misses you. Snorg claws you but does no damage. Snorg claws you.
* * * LOW HITPOINT WARNING * * *
You slice Snorg!!
You feel better.
Snorg is severely wounded.
Snorg is stunned by your conviction and fails to attack.
You slice Snorg!!
You feel better.
Snorg is severely wounded.
Snorg bites you!! Snorg claws you!
* * * LOW HITPOINT WARNING * * *
Snorg closely misses you.
You slash Snorg!
You feel better.
Snorg is almost dead.
Snorg barely misses you. Snorg claws you!
* * * LOW HITPOINT WARNING * * *
Snorg claws you.
* * * LOW HITPOINT WARNING * * *
You barely miss Snorg.
Snorg is almost dead.
Snorg bites you!!
* * * LOW HITPOINT WARNING * * *
Snorg claws you!
You die...

...#......#.# #......P##
...+........# ##.....##
..........P.# #......#
............## #......##
.............# ##......#
.............# #.....P#### .
#.........### #.........#.
....#P....#....###...........
.......[.......†@T...........
###..#....##.####†####.#####.
############ ### ##


You could see Snorg (berserk).

Vanquished Creatures
  Harold (Lair:2)
  5 two-headed ogres
  A boulder beetle (D:11)
  3 death yaks
  Amaemon (Lair:2)
  An oklob plant (Lair:1)
  A manticore (D:11)
  4 elephants (Lair:3)
  A gargoyle (D:11)
  2 torpor snails
  2 black mambas
  An orange demon (Lair:2)
  3 cane toads
  Psyche (D:10)
  A kobold demonologist (D:9)
  3 komodo dragons
  Grinder (D:5)
  2 trolls (D:11)
  5 blink frogs (Lair:1)
  A wraith (D:11)
  14 yaks
  3 wyverns
  4 vampire mosquitoes (D:10)
  4 steam dragons
  Eustachio (D:6)
  An acid dragon (D:11)
  Duvessa (D:5)
  9 water moccasins
  2 black bears
  2 orc warriors (D:10)
  An ice beast (D:6)
  2 ogres
  3 centaurs
  A kobold brigand (D:8)
  3 bullfrogs
  5 necrophages (Lair:3)
  3 gnoll sergeants
  5 water moccasin zombies (Ossuary)
  6 scorpions
  5 wights (D:7)
  Dowan (D:5)
  23 killer bees
  6 howler monkeys
  2 jellies (D:5)
  5 orc priests
  2 hounds (D:6)
  5 hell rats (Lair:3)
  4 orc wizards
  3 iguanas
  Natasha (thrice) (D:3)
  2 mummies (Ossuary)
  14 gnolls
  10 adders
  2 ufetubi (D:5)
  4 adder zombies (Ossuary)
  A worm (D:2)
  2 dart slugs
  34 orcs
  7 endoplasms
  6 giant cockroaches (D:1)
  6 gnoll zombies (Ossuary)
  6 goblins
  8 hobgoblins
  10 jackals
  18 kobolds
  A quokka (D:4)
  10 ball pythons
  9 bats
  4 frilled lizards
  3 hobgoblin zombies (Ossuary)
  7 kobold zombies (Ossuary)
  8 orc zombies (Ossuary)
  12 rats
353 creatures vanquished.

Vanquished Creatures (others)
  2 orc wizards (D:9)
2 creatures vanquished.

Grand Total: 355 creatures vanquished

Notes
Turn   | Place    | Note
-------+----------+-------------------------------------------
     0 | D:1      | SnakkuSnakku7 the Vampire Hedge Wizard began the quest for
                  | the Orb.
     0 | D:1      | Reached XP level 1. HP: 13/13 MP: 4/4
   128 | D:1      | Reached skill level 1 in Unarmed Combat
   155 | D:1      | Reached skill level 1 in Fighting
   155 | D:1      | Reached XP level 2. HP: 21/21 MP: 6/6
   568 | D:1      | Gained mutation: You are afflicted with vampirism and can
                  | become a bat while bloodless. [Vampire growth]
   568 | D:1      | Reached XP level 3. HP: 26/26 MP: 7/7
  1047 | D:2      | Identified the +0 pearl dragon scales of the Endless
                  | Expanse {rC- rN+ Regen+ Int+6 Stlth+}
  1171 | D:2      | Reached XP level 4. HP: 29/29 MP: 8/8
  1212 | D:2      | Reached skill level 1 in Maces & Flails
  1510 | D:3      | Noticed Natasha
  1527 | D:3      | Killed Natasha
  1555 | D:3      | Noticed Natasha
  1565 | D:3      | Killed Natasha
  1566 | D:3      | Reached XP level 5. HP: 41/41 MP: 9/9
  1675 | D:3      | Noticed Natasha
  1680 | D:3      | Killed Natasha
  2070 | D:4      | Noticed an ogre
  2092 | D:4      | Killed an ogre
  2093 | D:4      | Reached XP level 6. HP: 48/48 MP: 10/10
  2226 | D:4      | Reached skill level 1 in Polearms
  2331 | D:4      | Reached skill level 2 in Polearms
  2332 | D:4      | Reached skill level 3 in Polearms
  2332 | D:4      | Reached XP level 7. HP: 35/54 MP: 11/11
  2704 | D:5      | Entered Level 5 of the Dungeon
  2807 | D:5      | Reached skill level 4 in Polearms
  2842 | D:5      | Noticed Grinder
  2847 | D:5      | Paralysed by Grinder for 4 turns
  2854 | D:5      | Paralysed by Grinder for 2 turns
  2859 | D:5      | Killed Grinder
  2860 | D:5      | Reached skill level 5 in Polearms
  2937 | D:5      | Noticed Dowan
  2938 | D:5      | Noticed Duvessa
  2947 | D:5      | Killed Duvessa
  2948 | D:5      | Reached skill level 6 in Polearms
  2948 | D:5      | Reached XP level 8. HP: 59/60 MP: 12/12
  2954 | D:5      | Killed Dowan
  3296 | D:5      | Found a hazy altar of Hepliaklqana.
  3554 | D:5      | Found a staircase to the Ecumenical Temple.
  3620 | Temple   | Entered the Ecumenical Temple
  3671 | Temple   | Became a worshipper of Ru the Awakened
  3771 | D:6      | Reached skill level 7 in Polearms
  3907 | D:6      | Reached skill level 8 in Polearms
  4000 | D:6      | Noticed Eustachio
  4027 | D:6      | Killed Eustachio
  4152 | D:6      | Found Ypreok Lun's General Store.
  4159 | D:6      | Bought a +0 pair of gloves for 54 gold pieces
  4166 | D:6      | Bought a scroll of fear for 48 gold pieces
  4537 | D:7      | Reached skill level 9 in Polearms
  4537 | D:7      | Reached XP level 9. HP: 64/65 MP: 13/13
  4721 | D:7      | Noticed a two-headed ogre
  4730 | D:7      | Killed a two-headed ogre
  4731 | D:7      | Reached skill level 10 in Polearms
  4826 | D:7      | Gained mutation: You are somewhat inexperienced. (-1 XL)
                  | [Ru sacrifice]
  4826 | D:7      | Reached XP level 8. HP: 60/60 MP: 12/12
  4826 | D:7      | Reached * piety under Ru
  5001 | D:7      | Found a snail-covered altar of Cheibriados.
  5349 | D:8      | Reached skill level 11 in Polearms
  5442 | D:8      | Found a sand-covered staircase.
  5447 | Ossuary  | Entered an ossuary
  5868 | D:8      | Found a stormy altar of Qazlal.
  5871 | D:8      | Noticed a two-headed ogre
  5878 | D:8      | Killed a two-headed ogre
  5879 | D:8      | Reached skill level 12 in Polearms
  5879 | D:8      | Reached XP level 9. HP: 38/65 MP: 13/13
  6673 | D:9      | Reached skill level 13 in Polearms
  6676 | D:9      | Found a radiant altar of Vehumet.
  6742 | D:9      | Gained mutation: You cannot study or cast Fire magic. [Ru
                  | sacrifice]
  6742 | D:9      | Gained mutation: You cannot study or cast Hexes magic. [Ru
                  | sacrifice]
  6742 | D:9      | Gained mutation: You cannot study or cast Summoning magic.
                  | [Ru sacrifice]
  6742 | D:9      | Reached ** piety under Ru
  6758 | D:9      | Found Nyffio's Vocational Training.
  6895 | D:9      | Noticed a smoke demon
  6930 | D:9      | Noticed an orange demon
  6984 | D:9      | Found a blossoming altar of Fedhas.
  7009 | D:9      | Noticed an oklob plant
  7423 | D:10     | Entered Level 10 of the Dungeon
  7423 | D:10     | Noticed a +0 falchion
  7424 | D:10     | Noticed a +0 falchion
  7425 | D:10     | Noticed a +0 spear
  7425 | D:10     | Noticed a +0 dagger
  7425 | D:10     | Noticed a +0 dagger
  7425 | D:10     | Noticed a +0 spear
  7425 | D:10     | Noticed a +0 short sword
  7426 | D:10     | Noticed a +0 short sword
  7428 | D:10     | Found a hide-covered altar of Uskayaw.
  7479 | D:10     | Noticed Psyche
  7479 | D:10     | Noticed a two-headed ogre
  7498 | D:10     | Killed Psyche
  7499 | D:10     | Reached skill level 14 in Polearms
  7527 | D:10     | Killed a two-headed ogre
  7528 | D:10     | Reached XP level 10. HP: 26/71 MP: 14/14
  7635 | D:10     | Identified the +1 leather armour of Idehocui {Rampage rF+
                  | Int+3}
  7704 | D:10     | Noticed a two-headed ogre
  7730 | D:10     | Killed a two-headed ogre
  7888 | D:10     | Found a broken altar of Ashenzari.
  7900 | D:10     | Reached skill level 1 in Axes
  8112 | D:10     | Gained mutation: You are hated by all. [Ru sacrifice]
  8112 | D:10     | Reached *** piety under Ru
  8333 | D:11     | Identified the +4 trident of Guile {heavy, rElec Dex+3}
  8408 | D:11     | Noticed a boulder beetle
  8465 | D:11     | Killed a boulder beetle
  8483 | D:11     | Noticed a two-headed ogre
  8490 | D:11     | Killed a two-headed ogre
  8491 | D:11     | Reached skill level 5 in Axes
  8664 | D:11     | Found a bloodstained altar of Trog.
  8713 | D:11     | Noticed hogiebunz's ghost (journeyman KoHu)
  8745 | D:11     | Found a staircase to the Lair.
  8750 | D:11     | Found a runed translucent gate.
  8750 | D:11     | Found a runed translucent gate.
  8750 | D:11     | Found a runed translucent gate.
  9220 | Lair:1   | Entered Level 1 of the Lair of Beasts
  9220 | Lair:1   | Noticed a death yak
  9220 | Lair:1   | Noticed a death yak
  9242 | D:11     | Killed a death yak
  9301 | Lair:1   | Killed a death yak
  9309 | Lair:1   | Found a runed translucent gate.
  9309 | Lair:1   | Found a runed translucent gate.
  9310 | Lair:1   | Found a runed translucent gate.
  9310 | Lair:1   | Noticed Firil's ghost (journeyman OpFE)
  9387 | Lair:1   | Found a shimmering altar of Xom.
  9481 | Lair:1   | Reached XP level 11. HP: 61/77 MP: 15/15
  9770 | Lair:1   | Identified the +9 flail of Obsession {heavy, *Slow rN+++
                  | Str+5 Int-5}
  9827 | Lair:1   | Gained mutation: You cannot train Dodging skill. [Ru
                  | sacrifice]
  9827 | Lair:1   | Reached **** piety under Ru
  9827 | Lair:1   | Reached ***** piety under Ru
 10397 | Lair:2   | Noticed Harold
 10426 | Lair:2   | Killed Harold
 10427 | Lair:2   | Reached skill level 10 in Axes
 10719 | Lair:2   | Noticed Amaemon
 10919 | Lair:2   | Found a staircase to the Swamp.
 10950 | Lair:2   | Killed Amaemon
 11516 | Lair:3   | Noticed a catoblepas
 11516 | Lair:3   | Noticed a dire elephant
 11516 | Lair:3   | Found the +3 pair of mountain boots {steadfast, rC+}
 11536 | Lair:3   | Found a runed translucent door.
 11652 | Lair:3   | Noticed a death yak
 11695 | Lair:3   | Killed a death yak
 11734 | Lair:3   | Noticed Snorg
 11762 | Lair:3   | HP: 4/108 [Snorg (19)]
 11762 | Lair:3   | Mangled by Snorg

Illustrated notes

Levels and vault maps discovered:
D:1:      saegor_arrival_simple_e, layout_loops_ring, minmay_worlds_worst_comb
D:2:      layout_rooms, chequers_serial_rivers_micro_e, serial_park_tiny_2
D:3:      layout_loops_ring, uniq_natasha
D:4:      layout_basic, st_stairs_6
D:5:      layout_basic, nicolae_hepliaklqana_hippocampus,
          lemuel_temple_firewalk_b, mrwooster_statue_mirror,
          hangedman_decor_peaks_small, kennysheep_nondescript, uniq_duvessa,
          uniq_grinder
D:6:      layout_rooms, lemuel_tele_altar, serial_shops,
          nicolae_shop_behind_doors, hex_large, kb_lookout_dungeons_type,
          dreamdust_princess_corridor, uniq_eustachio
D:7:      layout_basic, kennysheep_mini, hangedman_decor_points
D:8:      layout_basic, mainiacjoe_overflow_small_starburst, enter_ossuary_5
D:9:      layout_roguey, tgw_fedhas, marbit_many_paths, nicolae_shop_vocational
D:10:     layout_loops_cross, nicolae_overflow_crystal_walls,
          nicolae_uskayaw_en_pointe, uniq_psyche
D:11:     layout_loops_ring, lair_entry_dummy, serial_glass, glass_columns_c,
          glass_columns_c, due_unseen_surprise, gammafunk_ghost_icy,
          trog_hazing_becter
Temple:   nicolae_temple_two_arcs
Lair:1:   layout_loops_ring, ebering_ghost_rock_garden, basic_altar,
          gauntlet_entry_generic, grunt_megastairs_4
Lair:2:   layout_regular_city, swamp_mist, grunt_megastairs_1,
          infiniplex_staircase_pool, uniq_harold, uniq_amaemon
Lair:3:   gammafunk_lair_enchanted_lake, layout_chaotic_city,
          dummy_spider_entry, roderic_carrion_pond, grunt_megastairs_3,
          uniq_snorg

Skill      XL: |  1  2  3  4  5  6  7  8  9 10 11 |
---------------+----------------------------------+-----
Unarmed Combat | 1 2 |  2.2
Fighting       | 1 2 3 4 |  4.0
Maces & Flails | 1 3 |  3.0
Polearms       | 3 6 12 14 | 14.6
Summonings     | 0 |  0.0
Axes           | 8 11 | 11.7
Dodging        | 0 |  0.0
Stealth        | |  3.0
Spellcasting   | |  3.0
Conjurations   | |  0.6
Translocations | |  0.7

Action                     |  1- 3 |  4- 6 |  7- 9 | 10-12 || total
---------------------------+-------+-------+-------+-------++-------
  Melee: Dagger            |   113 |       |       |       ||   113
         Bite              |     9 |    17 |    67 |    81 ||   174
         Punch             |     5 |     2 |       |       ||     7
         Mace              |    54 |   107 |       |       ||   161
         Unarmed           |    36 |       |       |       ||    36
         Halberd           |       |    42 |   724 |    62 ||   828
         Battleaxe         |       |       |       |   533 ||   533
  Throw: Throwing net      |       |     1 |       |       ||     1
 Invoke: Sacrifice Experie |       |       |     1 |       ||     1
         Sacrifice Arcana  |       |       |     1 |       ||     1
         Draw Out Power    |       |       |       |     3 ||     3
         Sacrifice Love    |       |       |       |     1 ||     1
         Sacrifice Nimblen |       |       |       |     1 ||     1
         Reject Sacrifices |       |       |       |     1 ||     1
  Evoke: Wand              |       |       |     8 |    10 ||    18
    Use: Scroll            |       |       |    12 |     7 ||    19
         Potion            |       |       |       |    10 ||    10
   Stab: Sleeping          |     5 |       |     5 |       ||    10
         Held in net/web   |       |     1 |       |       ||     1
         Distracted        |       |       |     3 |     1 ||     4
         Invisible         |       |       |     6 |     5 ||    11
 Armour: Ring mail         |   108 |       |       |       ||   108
         Pearl dragon scal |    19 |   126 |   553 |   322 ||  1020
  Dodge: Dodged            |   148 |    99 |   378 |   329 ||   954
